 Dungeon Crawl Stone Soup version 0.24-a0-616-ge2a249a (webtiles) character file.

Game seed: 4071517950876792957, levelgen mode: deterministic

47 Blackhawk the Skirmisher (level 3, -1/24 HPs)
             Began as a Gargoyle Fighter on Sept 14, 2019.
             Slain by a gnoll
             ... wielding a +0 halberd
              (7 damage)
             ... on level 1 of the Dungeon.
             The game lasted 00:01:56 (869 turns).

Blackhawk the Skirmisher (Gargoyle Fighter)          Turns: 869, Time: 00:01:56

Health: -1/24      AC: 11    Str: 22    XL:     3   Next: 70%
Magic:  3/3        EV:  7    Int:  8    God:
Gold:   137        SH:  9    Dex:  9    Spells: 2/2 levels left

rFire    . . .     SeeInvis .   a - +0 flail
rCold    . . .     Gourm    .   c - +0 shield
rNeg     + . .     Faith    .   b - +0 scale mail
rPois    ∞         Spirit   .   (no helmet)
rElec    +         Reflect  .   (no cloak)
rCorr    .         Harm     .   (no gloves)
MR       .....                  j - +0 pair of boots
Stlth    ..........             (no amulet)
HPRegen  0.08/turn              i - +2 ring of strength
MPRegen  0.08/turn              (no ring)

@: no status effects
A: negative energy resistance 1, electricity resistance, unbreathing,
petrification resistance, rot immunity, AC +3
a: no special abilities


You were on level 1 of the Dungeon.
You were not hungry.

You visited 1 branch of the dungeon, and saw 2 of its levels.

You collected 137 gold pieces.

Inventory:

Hand Weapons
 a - a +0 flail (weapon)
Armour
 b - a +0 scale mail (worn)
 c - a +0 shield (worn)
 j - a +0 pair of boots (worn)
Jewellery
 i - a +2 ring of strength (left hand)
Scrolls
 e - 2 scrolls of remove curse
Potions
 d - a potion of might
 h - a potion of curing {unknown}
 k - 2 potions of lignification {unknown}
 l - a potion of magic {unknown}
 n - a potion of resistance {unknown}
Comestibles
 f - 4 rations
 g - 2 chunks of flesh


   Skills:
 + Level 3.8 Fighting
 + Level 2.6 Maces & Flails
 + Level 3.8 Armour
 + Level 3.7 Shields


You had 2 spell levels left.
You didn't know any spells.
Your spell library was empty.

Dungeon Overview and Level Annotations

Branches:
Dungeon (2/15)

Altars:


Innate Abilities, Weirdness & Mutations

You are resistant to torment.
Your stone body is resilient. (AC +3)
You are immune to poison.
You resist negative energy. (rN+)
You are resistant to electric shocks. (rElec)
You can survive without breathing.
You are immune to petrification.
You are immune to rotting.


Message History

Where to? (Enter - D:2, ? - help)
Okay, then.
You climb downwards.
The gnoll hits you with a +0 halberd!
There is a stone staircase leading up here.
(D) Dungeon
Where to? (Enter - D:2, ? - help)
There are monsters nearby!
Unknown command.
The gnoll hits you with a +0 halberd!
* * * LOW HITPOINT WARNING * * *
You climb upwards.
There is a stone staircase leading down here.
You closely miss the gnoll. The gnoll hits you but does no damage.
You sock the gnoll!
The gnoll is severely wounded.
You block the gnoll's attack.
You hit the gnoll but do no damage.
The gnoll is severely wounded.
The gnoll hits you with a +0 halberd!
You die...

#### #.÷##.#.##.#.##..#
######..##.#.#..#.##..#
........##.#.#<.#.##..#
###.##..##.#.####.##..# #
#.##..##.#..((......########
###.##.....#######...........#
#..................##........#
#......##.##.###.#.##........#
#......#...>...g@#)##........#
........#.###.#..............#
........#.....#.....#........#
........####..#..(.##........#
(.......##....#).............#
..##....##.#....##############
..##....##.###..# ..##....##.#
#.## ..##.......# #.#


You could see a gnoll.

Vanquished Creatures
  A gnoll (D:2)
  An adder (D:2)
  A dart slug (D:1)
  2 leopard geckos (D:2)
  3 hobgoblins
  5 bats
  6 goblins
  3 kobolds (D:1)
  4 rats
26 creatures vanquished.

Notes
Turn   | Place    | Note
-------+----------+-------------------------------------------
     0 | D:1      | Blackhawk the Gargoyle Fighter began the quest for the Orb.
     0 | D:1      | Reached XP level 1. HP: 14/14 MP: 1/1
   206 | D:1      | Reached XP level 2. HP: 19/19 MP: 2/2
   615 | D:2      | Reached XP level 3. HP: 17/23 MP: 3/3
   869 | D:1      | Slain by a gnoll

Levels and vault maps discovered:
D:1:      zelgadis_glass_arrival_small, layout_basic
D:2:      layout_loops_ring

Action                   || total
-------------------------++-------
Melee: Flail             ||   111
  Use: Scroll            ||     3
Armor: Scale mail        ||    94
Dodge: Dodged            ||    49
Block: Shield            ||    64

Table legend:
 A = Non-vault XP
 B = Vault XP
 C = Vault XP percentage of total XP
 D = Non-vault monster count
 E = Vault monster count
 F = Vault count percentage of total count
                 A         B        C        D         E       F
            +---------+---------+-------+---------+---------+-------
      Total |      68 |       0 |   0.0 |      26 |       0 |   0.0
            +---------+---------+-------+---------+---------+-------
        D:1 |      26 |       0 |   0.0 |      17 |       0 |   0.0
        D:2 |      42 |       0 |   0.0 |       9 |       0 |   0.0
            +---------+---------+-------+---------+---------+-------
